cohdb
Replays
Latest Replays
All Replays
Popular Replays
Top Player Replays
Match Explorer
How It Works
Community
CoH3 Stats
Reddit
Sign in to upload your games and track your stats! →
Sign in with Steam
Match 42500017
Unlisted
Match 42500017
Overview
Messages
Build Orders
End
Panzergrenadier Squad
Selects Italian Infantry
250 Light Carrier
Panzergrenadier Squad
Construct Light Support Kompanie
Combat Half-tracks
Panzerjäger Squad
Selects Sound the Alarm
Fire Support Elements
MG34 Team
Panzergrenadier Squad
Assault Mechanized Group
Construct Panzerarmee Kommand
Mee Mee Cute
I.S.M.A.I.L
elfen
DSG16
ccGOAAALLL
Kanade
Belfegor ๏̯͡๏
56512543
0
0
Comments
sign in to comment!
No comments posted yet!